Map: Oxide LE

Players

Dream - Winner!

  • Race: Terran Terran
  • League: Master

Zoun

  • Race: Protoss Protoss

VOD

Have the link to the VOD?

Description

Time

  • Played on: April 14, 2021, 6:26 a.m.
  • Length: 10:21
Show
View Real Time Build Order
Export as new Build Order

Dream Terran - Winner!

Build Orders: Reaper Expand 

Get SALT Encoding   

  12  0:00  SCV  
  13  0:12  SCV  
  14  0:16  Supply Depot  
  14  0:24  SCV  
  15  0:38  SCV  
  15  0:39  Barracks  
  15  0:42  Refinery  
  16  0:50  SCV  
  17  1:02  SCV  
  18  1:16  SCV  
  19  1:25  Reaper  
  19  1:28  Orbital Command  
  20  1:48  Command Center  
  20  1:54  SCV  
  20  1:58  Supply Depot, Marine  
  22  2:06  SCV, Factory  
  23  2:19  Marine  
  23  2:20  SCV  
  23  2:21  Bunker  
  25  2:32  SCV  
  26  2:37  Refinery  
  26  2:41  Barracks Reactor  
  26  2:44  SCV  
  26  2:49  Hellion  
  29  2:56  SCV  
  29  2:57  Starport  
  30  3:01  Orbital Command  
  30  3:08  SCV  
  30  3:11  Widow Mine  
  33  3:17  Marine x2  
  35  3:20  SCV  
  36  3:28  SCV  
  36  3:32  SCV, Widow Mine  
  40  3:35  Marine x2  
  40  3:36  Medivac  
  40  3:40  SCV  
  42  3:46  SCV  
  42  3:47  Supply Depot  
  43  3:52  SCV, Barracks  
  43  3:53  Marine x2  
  46  3:56  Factory Tech Lab  
  46  4:02  Engineering Bay  
  46  4:04  Refinery  
  46  4:07  Starport Tech Lab  
  46  4:09  SCV x2  
  48  4:11  Marine x2  
  48  4:13  Supply Depot  
  53  4:17  Siege Tank  
  53  4:21  SCV  
  54  4:28  Barracks  
  54  4:31  Supply Depot  
  54  4:34  SCV, Raven  
  54  4:37  SCV, Marine  
  59  4:42  Marine  
  58  4:47  SCV  
  58  4:49  SCV  
  58  4:50  Supply Depot  
  58  4:53  Siege Tank  
  58  4:57  Marine  
  58  4:59  SCV  
  60  5:00  Marine  
  60  5:04  SCV  
  60  5:06  Terran Infantry Weapons Level 1  
  61  5:11  SCV  
  61  5:12  Supply Depot  
  62  5:16  SCV  
  62  5:19  Marine x2  
  65  5:22  Stimpack  
  65  5:23  SCV, Marauder  
  65  5:28  Supply Depot, SCV  
  68  5:31  Starport Reactor  
  68  5:33  Marauder  
  68  5:35  SCV  
  72  5:36  Marine x2  
  72  5:39  Refinery  
  72  5:42  Supply Depot, SCV  
  75  5:47  SCV, Marauder  
  78  5:51  Combat Shield  
  78  5:55  SCV  
  77  5:59  SCV, Marine x2  
  80  6:07  SCV, Medivac x2  
  80  6:09  Marine x2  
  87  6:11  SCV  
  87  6:17  Marine x2  
  90  6:19  SCV  
  90  6:20  Supply Depot, Factory Reactor  
  90  6:23  SCV  
  92  6:29  Marauder x2  
  92  6:31  SCV  
  97  6:36  Marine x2  
  97  6:37  SCV  
  97  6:39  Supply Depot  
  100  6:40  Supply Depot  
  100  6:43  SCV  
  99  6:51  Marauder x2  
  103  6:57  Medivac  
  103  7:01  Widow Mine x2  
  109  7:03  Marine x2  
  109  7:04  Terran Infantry Armor Level 1  
  109  7:05  Viking  
  111  7:11  Barracks  
  111  7:13  Barracks  
  109  7:23  Marauder x2, Marine x2  
  109  7:29  Command Center  
  115  7:30  Widow Mine x2  
  119  7:41  Marine  
  119  7:42  Marine  
  121  7:45  Supply Depot x2  
  121  7:47  Supply Depot, Medivac  
  121  7:48  Medivac  
  125  7:52  SCV  
  125  7:56  SCV  
  126  7:58  Concussive Shells  
  125  8:07  Marauder x2  
  125  8:08  Marine  
  125  8:09  Barracks Reactor, Barracks Tech Lab, Marine  
  131  8:15  SCV x2  
  133  8:22  Widow Mine x2  
  133  8:23  Medivac x2  
  141  8:33  Marauder x2  
  144  8:34  Marine  
  144  8:35  Marine  
  144  8:46  Command Center  
  138  8:49  Marauder, Marine x2  
  138  8:53  Medivac x2  
  138  8:54  Marauder  
  148  8:55  Marine  
  148  8:56  Marine  
  148  9:01  Supply Depot  
  148  9:02  Supply Depot  
  150  9:08  Widow Mine x2  
  154  9:13  SCV  
  154  9:14  SCV  
  154  9:16  Marine  
  154  9:17  Marauder x2, Marine  
  143  9:26  Marine x2  
  143  9:27  Marauder  
  138  9:34  Marine x2  
  138  9:36  Viking x2  
  146  9:38  Marauder  
  136  9:46  Marine  
  136  9:47  Marauder, Marine  
  136  9:48  Marauder  
  136  9:51  SCV  
  136  9:52  Marine  
  134  9:53  Widow Mine  
Show
View Real Time Build Order
Export as new Build Order

Zoun Protoss 

Build Orders: 1 Gate Expand, Blink Stalkers 

Get SALT Encoding   

  12  0:00  Probe  
  13  0:12  Probe  
  14  0:17  Pylon  
  14  0:24  Probe (Chrono Boost)  
  15  0:36  Gateway, Probe (Chrono Boost)  
  16  0:44  Probe (Chrono Boost)  
  16  0:45  Assimilator  
  17  0:51  Probe  
  18  1:03  Probe  
  19  1:15  Probe  
  20  1:24  Cybernetics Core  
  20  1:31  Nexus  
  20  1:34  Probe  
  21  1:41  Pylon  
  21  1:46  Probe  
  22  1:52  Assimilator  
  22  1:57  Adept (Chrono Boost)  
  22  1:58  Probe  
  25  2:03  Warp Gate  
  25  2:10  Probe  
  26  2:17  Stalker (Chrono Boost)  
  28  2:27  Probe  
  29  2:37  Twilight Council  
  29  2:39  Probe (Chrono Boost)  
  29  2:43  Probe (Chrono Boost)  
  32  2:55  Probe (Chrono Boost)  
  32  2:57  Probe (Chrono Boost)  
  33  2:58  Gateway  
  33  3:01  Probe (Chrono Boost)  
  33  3:03  Robotics Facility  
  33  3:04  Probe (Chrono Boost)  
  35  3:10  Probe  
  36  3:15  Blink (Chrono Boost), Probe  
  36  3:16  Gateway  
  37  3:22  Probe  
  38  3:27  Probe  
  38  3:31  Pylon  
  39  3:34  Probe  
  39  3:39  Probe  
  40  3:47  Probe  
  40  3:48  Warp Prism (Chrono Boost)  
  41  3:51  Probe  
  44  3:57  Stalker  
  44  4:02  Stalker  
  48  4:04  Pylon  
  48  4:05  Probe  
  48  4:06  Probe  
  50  4:11  Stalker  
  50  4:15  Assimilator  
  53  4:17  Observer  
  53  4:22  Probe  
  53  4:23  Probe  
  55  4:31  Stalker x2  
  55  4:34  Probe  
  60  4:42  Probe  
  58  4:47  Probe  
  59  4:54  Probe  
  59  4:59  Probe  
  61  5:05  Nexus  
  61  5:06  Probe  
  60  5:07  Pylon  
  60  5:11  Probe  
  60  5:12  Assimilator  
  61  5:17  Pylon  
  61  5:22  Robotics Bay  
  61  5:24  Observer  
  61  5:25  Pylon  
  61  5:26  Stalker  
  61  5:27  Probe  
  61  5:28  Probe  
  66  5:30  Stalker  
  68  5:40  Forge, Probe  
  69  5:44  Charge  
  69  5:45  Probe  
  69  5:46  Observer  
  71  6:01  Probe  
  71  6:03  Gateway  
  72  6:05  Gateway  
  72  6:06  Gateway x2  
  72  6:09  Colossus (Chrono Boost)  
  72  6:16  Extended Thermal Lance  
  72  6:18  Observer, Probe (Chrono Boost)  
  79  6:21  Probe x2 (Chrono Boost)  
  79  6:23  Protoss Ground Weapons Level 1 (Chrono Boost)  
  81  6:30  Probe (Chrono Boost)  
  81  6:32  Probe x2 (Chrono Boost)  
  84  6:33  Stalker  
  84  6:35  Probe (Chrono Boost)  
  84  6:37  Stalker  
  89  6:40  Probe  
  89  6:45  Observer  
  90  6:53  Colossus (Chrono Boost)  
  90  7:02  Stalker x2, Shield Battery  
  90  7:03  Shield Battery  
  90  7:04  Zealot x3  
  92  7:22  Zealot x2  
  92  7:23  Probe x2  
  92  7:28  Stalker  
  92  7:29  Photon Cannon  
  96  7:30  Zealot x2  
  96  7:33  Zealot  
  101  7:39  Pylon  
  101  7:40  Shield Battery  
  100  7:46  Pylon  
  100  7:54  Colossus (Chrono Boost)  
  100  7:56  Gateway  
  100  7:58  Templar Archives, Gateway  
  104  7:59  Zealot x2  
  104  8:01  Observer  
  104  8:09  Zealot, Shield Battery  
  104  8:10  Zealot x4  
  114  8:15  Cybernetics Core  
  114  8:19  Shield Battery  
  114  8:21  Sentry  
  111  8:40  Pylon x2  
  111  8:45  Pylon x2  
  110  8:55  Pylon  
  110  8:58  Stalker x3, Immortal, Probe x2  
  110  8:59  Stalker  
  124  9:04  High Templar x2  
  124  9:08  Archon  
  128  9:14  Zealot x2  
  120  9:17  Shield Battery  
  102  9:25  Stalker x2  
  102  9:32  Zealot  
  102  9:34  Gateway  
  102  9:36  Zealot x3  
  102  9:37  Zealot  
  98  9:50  Stalker x2  
  82  9:55  Stalker  
  82  9:58  Zealot x4  
Tags
 
Add a new tag
Caveats
  • Supply blocks, unpowered buildings, or Contaminate may cause inaccurate times.
  • Supply counts are checked every 10 seconds.